 Dungeon Crawl Stone Soup version 0.29-a0-90-gc37658a0fe (webtiles) character file.

Game seed: 1477953375724813198

36 lordive the Insei (level 3, 0/28 HPs)
             Began as a Gnoll Transmuter on Feb 7, 2022.
             Succumbed to a gnoll's poison
             ... on level 2 of the Dungeon.
             The game lasted 00:01:26 (1628 turns).

lordive the Insei (Gnoll Transmuter)                Turns: 1628, Time: 00:01:27

Health: 0/28       AC:  2    Str:  9    XL:     3   Next: 37%
Magic:  9/9        EV: 13    Int: 14    God:
Gold:   90         SH:  0    Dex: 12    Spells: 11/12 levels left

rFire   . . .      SeeInvis .   h - +0 great mace
rCold   . . .      Faith    .   (shield currently unavailable)
rNeg    . . .      Spirit   .   a - +0 robe
rPois   .          Reflect  .   (helmet currently unavailable)
rElec   .          Harm     .   (no cloak)
rCorr   .          Rampage  .   (no gloves)
Will    .....                   (boots currently unavailable)
Stlth   +.........              (no amulet)
HPRegen 0.09/turn               (no ring)
MPRegen 0.11/turn               (no ring)

@: lethally poisoned (0 -> -5), appendages
A: horns 2, talons 2, fangs 1, strong nose, distributed training
a: End Transformation


You were on level 2 of the Dungeon.
You had temporarily grown beastly horns and talons.
You visited 1 branch of the dungeon, and saw 2 of its levels.

You collected 90 gold pieces.

Inventory:

Hand Weapons
 f - a +0 short sword
 h - a +0 great mace (weapon)
Missiles
 c - 2 atropa-tipped darts
 d - 22 stones
 e - 22 sling bullets
Armour
 a - a +0 robe (worn)
Jewellery
 l - a ring of resist corrosion
Scrolls
 i - a scroll of immolation {unknown}
 k - a scroll of teleportation {unknown}
Potions
 b - a potion of brilliance {unknown}
 g - a potion of mutation {unknown}
 j - a potion of heal wounds {unknown}


   Skills:
 + Level 2.6 Fighting
 + Level 0.7 Short Blades
 + Level 0.7 Long Blades
 + Level 0.7 Axes
 + Level 0.7 Maces & Flails
 + Level 0.7 Polearms
 + Level 0.7 Staves
 + Level 0.7 Slings
 + Level 0.7 Bows
 + Level 0.7 Crossbows
 + Level 0.7 Throwing
 + Level 0.7 Armour
 + Level 4.5 Dodging
 + Level 0.7 Stealth
 + Level 0.7 Shields
 + Level 6.5 Unarmed Combat
 + Level 5.0 Spellcasting
 + Level 0.5 Conjurations
 + Level 0.5 Hexes
 + Level 0.5 Summonings
 + Level 0.5 Necromancy
 + Level 0.5 Translocations
 + Level 3.7 Transmutations
 + Level 0.5 Fire Magic
 + Level 0.5 Ice Magic
 + Level 0.5 Air Magic
 + Level 0.5 Earth Magic
 + Level 0.5 Poison Magic
 + Level 0.9 Invocations
 + Level 0.7 Evocations


You had 11 spell levels left.
You knew the following spells:

 Your Spells              Type           Power      Damage    Failure   Level
a - Beastly Appendage     Tmut           28%        N/A       3%          1

Your spell library contained the following spells:

 Spells                   Type           Power      Damage    Failure   Level
 Wereblood                Tmut           14%        N/A       5%          2
 Spider Form              Tmut/Pois      9%         N/A       22%         3
 Ice Form                 Ice/Tmut       9%         N/A       58%         4


Dungeon Overview and Level Annotations

Branches:
Dungeon (2/15)

Altars:


Innate Abilities, Weirdness & Mutations

You have temporarily grown beastly horns and talons.
You have very sharp teeth.
Your uncanny sense of smell can sniff out nearby items.
Your experience applies equally to all skills.


Message History

Found 20 bolts.
There is a stone staircase leading down here.
Your horns disappear.
Your talons disappear.
There is a stone staircase leading down here.
A bat and a gnoll come into view.
The gnoll is wielding a +1 halberd of venom.
There are monsters nearby!
You grow a pair of large bovine horns.
Your feet morph into talons.
The gnoll shouts!
Found a scroll labelled YNTUZUSAERGH.
A gnoll comes into view. It is wielding a +1 whip of flaming.
The gnoll shouts!
You hear a shout!
A gnoll comes into view. It is wielding a +0 club.
A gnoll comes into view. It is wielding a +0 spear.
The bat barely misses you. The gnoll closely misses you.
You completely miss the gnoll. You claw the gnoll. You headbutt the gnoll.
The gnoll is moderately wounded.
The bat closely misses you.
The gnoll hits you with a +1 halberd of venom!
You are lethally poisoned!
The gnoll barely misses you.
You closely miss the gnoll. You bite the gnoll, but do no damage.
The gnoll is moderately wounded.
You feel extremely sick. The bat misses you. The bat closely misses you.
The gnoll barely misses you.
You are too injured to fight recklessly!
You are too injured to fight recklessly!
Unknown command.
* * * LOW HITPOINT WARNING * * *
You feel very sick. The bat barely misses you. The gnoll closely misses you.
* * * LOW HITPOINT WARNING * * *
You feel sick. The bat closely misses you. The bat hits you but does no damage.
* * * LOW HITPOINT WARNING * * *
You feel sick. The bat closely misses you.
* * * LOW HITPOINT WARNING * * *
You feel sick. The bat barely misses you.
* * * LOW HITPOINT WARNING * * *
You feel sick. The bat hits you but does no damage.
You die...

#........# #. ..
#........# #.#.#
#.......# #.#.#
##gg....#####.#.####
###g#...#...........
#..g..........#.....
###...................
#.>...b......[........
#.#..@...##...#<#####.
#.#.............#
#(#####..##...### #.#
#..###.## #.# ##..#
#.# #.####...###.#.#
#...............
######...###.### ##.†#
#.#


You could see 4 gnolls and a bat.

Vanquished Creatures
  3 dart slugs
  2 endoplasms (D:1)
  2 giant cockroaches (D:1)
  2 goblins (D:1)
  5 kobolds (D:1)
  A quokka (D:1)
  4 ball pythons (D:1)
  6 bats
  5 frilled lizards (D:1)
  A rat (D:1)
31 creatures vanquished.

Notes
Turn   | Place    | Note
-------+----------+-------------------------------------------
     0 | D:1      | lordive the Gnoll Transmuter began the quest for the Orb.
     0 | D:1      | Reached XP level 1. HP: 17/17 MP: 6/6
   295 | D:1      | Reached XP level 2. HP: 23/23 MP: 5/7
  1172 | D:1      | Found a faded altar of an unknown god.
  1176 | D:1      | Reached XP level 3. HP: 28/28 MP: 7/9
  1204 | D:1      | Reached skill level 5 in Spellcasting
  1627 | D:2      | HP: 1/28 [poisoned by a gnoll]
  1628 | D:2      | Succumbed to a gnoll's poison

Illustrated notes

Levels and vault maps discovered:
D:1:      lemuel_arrival_tunnels, layout_basic, basic_ecumenical_altar
D:2:      layout_loops_ring, basic_altar, minmay_small_reverse_x

Skill      XL: |  1  2  3 |
---------------+----------+-----
Spellcasting   | 5 |  5.0
Fighting       | |  2.6
Short Blades   | |  0.7
Long Blades    | |  0.7
Axes           | |  0.7
Maces & Flails | |  0.7
Polearms       | |  0.7
Staves         | |  0.7
Slings         | |  0.7
Bows           | |  0.7
Crossbows      | |  0.7
Throwing       | |  0.7
Armour         | |  0.7
Dodging        | |  4.5
Stealth        | |  0.7
Shields        | |  0.7
Unarmed Combat | |  6.5
Conjurations   | |  0.5
Hexes          | |  0.5
Summonings     | |  0.5
Necromancy     | |  0.5
Translocations | |  0.5
Transmutations | |  3.7
Fire Magic     | |  0.5
Ice Magic      | |  0.5
Air Magic      | |  0.5
Earth Magic    | |  0.5
Poison Magic   | |  0.5
Invocations    | |  0.9
Evocations     | |  0.7

Action                   || total
-------------------------++-------
Melee: Unarmed           ||    28
       Kick              ||    10
       Headbutt          ||     6
       Punch             ||     1
       Short sword       ||    10
       Bite              ||     7
       Great mace        ||    22
 Cast: Beastly Appendage ||    20
Armor: Robe              ||    12
Dodge: Dodged            ||    61

Table legend: (Time is in decaauts)
 A = Elapsed time spent in this place.
 B = Non-inter-level travel time spent in this place.
 C = Inter-level travel time spent in this place.
 D = Time resting spent in this place.
 E = Time spent auto-exploring this place.
 F = Levels seen in this place.
 G = Mean time per level.
                   A        B        C        D        E       F      G
               +--------+--------+--------+--------+--------+-----+--------+
         Total |   1639 |   1436 |    203 |      0 |   1221 |   2 |  819.5 |
       Dungeon |   1639 |   1436 |    203 |      0 |   1221 |   2 |  819.5 |
               +--------+--------+--------+--------+--------+-----+--------+

Top non-repeatable levels by time:
     D:1: 1583 daAuts
     D:2: 55 daAuts
